 Dungeon Crawl Stone Soup version 0.26-a0-228-g29f007ebfe (webtiles) character file.

Game seed: 8372707426773762995

595 Esekla the Slasher (level 7, 0/82 HPs)
             Began as a Formicid Abyssal Knight on July 7, 2020.
             Was a Believer of Lugonu.
             Succumbed to a killer bee's poison
             ... on level 5 of the Dungeon.
             The game lasted 00:23:02 (3359 turns).

Esekla the Slasher (Formicid Abyssal Knight)        Turns: 3359, Time: 00:23:02

Health: 0/82       AC: 23    Str: 16    XL:     7   Next: 67%
Magic:  10/11      EV:  2    Int: 14    God:    Lugonu [**....]
Gold:   149        SH:  0    Dex: 10    Spells: 12/12 levels left

rFire    . . .     SeeInvis .   a - +1 falchion
rCold    . . .     Faith    .   (no shield)
rNeg     + + +     Spirit   .   (armour currently unavailable)
rPois    +         Reflect  .   (helmet unavailable)
rElec    .         Harm     .   (cloak currently unavailable)
rCorr    .                      (gloves currently unavailable)
MR       .....                  (boots currently unavailable)
Stlth    +.........             d - amulet of regeneration
HPRegen  0.63/turn              (no ring)
MPRegen  0.12/turn              (no ring)

@: lethally poisoned (0 -> -8), tree-form
A: permanent stasis, dig shafts and tunnels, four strong arms
a: Depart the Abyss, Bend Space, Renounce Religion


You were on level 5 of the Dungeon.
You worshipped Lugonu.
Lugonu was pleased with you.
You were hungry.
You were a tree.
You visited 1 branch of the dungeon, and saw 5 of its levels.
You visited the Abyss 1 time.

You collected 149 gold pieces.

Inventory:

Hand Weapons
 a - a +1 falchion (weapon)
 k - a +0 short sword
Missiles
 l - 2 poisoned darts (quivered)
 u - 3 javelins
Armour
 b - a +0 leather armour (melded)
Jewellery
 d - an amulet of regeneration (around neck)
 q - an uncursed amulet of the acrobat
Wands
 v - a wand of flame (17)
Scrolls
 e - 2 scrolls of fog {unknown}
 f - 6 scrolls of identify
 h - 2 scrolls of blinking {unknown}
 i - 4 scrolls of immolation {unknown}
 n - 2 scrolls of remove curse {unknown}
 o - a scroll of random uselessness {unknown}
 p - 4 scrolls of teleportation {unknown}
 r - a scroll of enchant armour {unknown}
 w - a scroll of noise {unknown}
Potions
 g - 2 potions of cancellation
 j - a potion of flight
 s - a potion of might
Comestibles
 c - 8 rations


   Skills:
 + Level 4.4 Fighting
 + Level 5.0 Long Blades
 + Level 0.6 Throwing
 + Level 3.4 Armour
 + Level 1.7 Dodging
 * Level 3.2 Spellcasting
 * Level 3.2 Invocations
 + Level 1.1 Evocations


You had 12 spell levels left.
You didn't know any spells.
Your spell library contained the following spells:

 Spells                   Type           Power        Failure   Level
 Beastly Appendage        Tmut           #.....       22%         1
 Sticks to Snakes         Tmut           #.......     32%         2
 Spider Form              Tmut/Pois      #.........   54%         3
 Ice Form                 Ice/Tmut       #.......     91%         4
 Blade Hands              Tmut           #.........   99%         5


Dungeon Overview and Level Annotations

Branches:
Dungeon (5/15)
 Temple: D:4-7

Altars:
Kikubaaqudgha
Nemelex Xobeh
Zin

Annotations:
D:3 1 runed translucent door


Innate Abilities, Weirdness & Mutations

You cannot be hasted, slowed, berserked, paralysed or teleported.
You can dig through walls and to a lower floor.
Your four strong arms can wield two-handed weapons with a shield.
((You have a pair of large antennae on your head. (SInv)))


Message History

* * * LOW HITPOINT WARNING * * *
You feel sick. The killer bee stings you.
* * * LOW HITPOINT WARNING * * *
You are more poisoned.
The killer bee poisons you!
The killer bee stings you but does no damage.
You miss the killer bee.
* * * LOW HITPOINT WARNING * * *
You feel sick.
The killer bee stings you but does no damage. x2
You closely miss the killer bee.
* * * LOW HITPOINT WARNING * * *
You feel sick. The killer bee completely misses you.
You riposte.
You hit the killer bee.
The killer bee is moderately wounded.
The killer bee stings you but does no damage.
Okay, then.
You closely miss the killer bee.
The killer bee is moderately wounded.
You die...

#########
#.......#
#.......#
#..†♣...#
###...y..<#
#...).....#
>...#.......#
#####.......#
####.####
#..# ##.# #(#


You could see a killer bee.

Vanquished Creatures
  Sigmund (D:3)
  A sky beast (D:5)
  A phantom (D:4)
  Jessica (D:3)
  An iguana (D:4)
  2 worker ants
  10 adders
  2 oozes (D:2)
  2 worms
  A dart slug (D:2)
  A leopard gecko (D:3)
  An orc (D:3)
  6 bats
  A giant cockroach (D:2)
  4 goblins
  7 hobgoblins
  4 jackals (D:1)
  A quokka (D:3)
  4 frilled lizards
  6 kobolds
  A leopard gecko skeleton (D:4)
  A quokka skeleton (D:4)
  8 rats
67 creatures vanquished.

Notes
Turn   | Place    | Note
-------+----------+-------------------------------------------
     0 | Abyss:1  | Esekla the Formicid Abyssal Knight began the quest for the
                  | Orb.
     0 | Abyss:1  | Reached XP level 1. HP: 18/18 MP: 2/2
    48 | Abyss:1  | Found a corrupted altar of Lugonu.
    50 | Abyss:1  | Noticed a tentacled starspawn
    55 | Abyss:2  | Found a corrupted altar of Lugonu.
    80 | Abyss:2  | Noticed a flying skull
    85 | D:1      | Escaped the Abyss
   288 | D:1      | Reached * piety under Lugonu
   470 | D:2      | Reached XP level 2. HP: 21/24 MP: 3/3
   590 | D:3      | Reached XP level 3. HP: 6/29 MP: 4/4
   653 | D:3      | Noticed Jessica
   661 | D:3      | Killed Jessica
   661 | D:3      | Reached XP level 4. HP: 35/37 MP: 5/5
   741 | D:3      | Reached skill level 1 in Spellcasting
   828 | D:4      | Noticed a phantom
   845 | D:3      | Reached skill level 3 in Long Blades
   845 | D:3      | Reached skill level 1 in Dodging
  1589 | D:2      | Reached XP level 5. HP: 33/42 MP: 7/7
  1837 | D:2      | Reached ** piety under Lugonu
  1996 | D:3      | Found a glowing silver altar of Zin.
  1996 | D:3      | Found a runed translucent door.
  1996 | D:3      | Noticed an angel
  2401 | D:3      | Reached XP level 6. HP: 45/48 MP: 9/9
  2638 | D:4      | Found a sparkling altar of Nemelex Xobeh.
  2664 | D:4      | Reached skill level 4 in Long Blades
  2763 | D:4      | Noticed Sigmund
  2840 | D:4      | Found an ancient bone altar of Kikubaaqudgha.
  3041 | D:3      | Killed Sigmund
  3041 | D:3      | Reached XP level 7. HP: 45/54 MP: 9/11
  3185 | D:5      | Entered Level 5 of the Dungeon
  3192 | D:5      | HP: 2/55 [worker ant (4)]
  3292 | D:5      | Reached skill level 5 in Long Blades
  3292 | D:5      | Reached skill level 1 in Evocations
  3356 | D:5      | HP: 4/82 [killer bee (2)]
  3358 | D:5      | HP: 1/82 [poisoned by a killer bee]
  3359 | D:5      | Succumbed to a killer bee's poison

Illustrated notes

Levels and vault maps discovered:
D:1:      dpeg_arrival_simpleton_c, layout_basic,
          wander_ebering_terrifying_dragon_lair
D:2:      layout_rooms
D:3:      layout_loops_ring, lemuel_angel_altar, uniq_jessica
D:4:      layout_cave_pools, kiku_gazebo_pond_becter, temple_green,
          nemelex_lonely_heart_becter, uniq_sigmund
D:5:      layout_rooms, first_ration, nemelex_spade_bored_becter, uniq_pikel

Skill      XL: |  1  2  3  4  5  6  7 |
---------------+----------------------+-----
Spellcasting   | 1 2 3 |  3.2
Long Blades    | 3 4 5 |  5.0
Dodging        | 1 |  1.7
Fighting       | 4 |  4.4
Armour         | 3 |  3.4
Invocations    | 3 |  3.2
Evocations     | 1 |  1.1
Throwing       | |  0.6

Action                   |  1- 3 |  4- 6 |  7- 9 || total
-------------------------+-------+-------+-------++-------
Melee: Falchion          |    48 |   185 |    48 ||   281
Throw: Dart              |       |     5 |    11 ||    16
Invok: Depart the Abyss  |     1 |       |       ||     1
       Bend Space        |       |       |     2 ||     2
Evoke: Wand              |       |     6 |     9 ||    15
  Use: Scroll            |       |       |     5 ||     5
       Potion            |       |       |     2 ||     2
  Eat: Ration            |       |     2 |       ||     2
Armor: Leather armour    |    12 |    40 |    10 ||    62
       Skin              |       |       |     6 ||     6
Dodge: Dodged            |    29 |    99 |    25 ||   153
       Rpst.: Falchion   |     9 |    29 |     7 ||    45

Table legend:
 A = Non-vault XP
 B = Vault XP
 C = Vault XP percentage of total XP
 D = Non-vault monster count
 E = Vault monster count
 F = Vault count percentage of total count
                 A         B        C        D         E       F
            +---------+---------+-------+---------+---------+-------
      Total |     600 |     250 |  29.4 |      64 |       3 |   4.5
            +---------+---------+-------+---------+---------+-------
        D:1 |      18 |       1 |   5.3 |      10 |       1 |   9.1
        D:2 |     113 |       0 |   0.0 |      23 |       0 |   0.0
        D:3 |     104 |     249 |  70.5 |      22 |       2 |   8.3
        D:4 |     192 |       0 |   0.0 |       7 |       0 |   0.0
        D:5 |     173 |       0 |   0.0 |       2 |       0 |   0.0
            +---------+---------+-------+---------+---------+-------
